 Dungeon Crawl Stone Soup version 0.19.0-20-gbc5f0c6 (webtiles) character file.

46 equalderp2856 the Scratcher (level 3, -7/17 HPs)
             Began as a Felid Fighter on Nov 16, 2016.
             Killed from afar by an orc wizard (8 damage)
             ... with a puff of flame
             ... on level 3 of the Dungeon.
             The game lasted 00:08:38 (2953 turns).

equalderp2856 the Scratcher (Felid Fighter)         Turns: 2953, Time: 00:08:40

Health: -7/17      AC:  1    Str: 13    XL:     3   Next: 44%
Magic:  4/4        EV: 20    Int:  9    God:
Gold:   147        SH:  0    Dex: 15    Spells: 0 memorised, 2 levels left
                                        Lives:  0   Deaths: 1

rFire  . . .     SeeInvis +       - Unarmed
rCold  . . .     Gourm    .     (armour unavailable)
rNeg   . . .     Faith    .     (shield unavailable)
rPois  .         Spirit   .     (helmet unavailable)
rElec  .         Reflect  .     (cloak unavailable)
rCorr  .         Harm     .     (gloves unavailable)
MR     .....                    (boots unavailable)
Stlth  ++........               (no amulet)
                                (no ring)
                                (no ring)

@: quick
A: no armour, no weapons or thrown items, stealth, claws 1, fangs 3, see
invisible, carnivore 3, speed 1, shaggy fur 1, slow metabolism 1, sharp paws
a: no special abilities


You were on level 3 of the Dungeon.
You were not hungry.

You visited 1 branch of the dungeon, and saw 3 of its levels.

You collected 147 gold pieces.

Inventory:

Missiles
 g - 18 sling bullets
Jewellery
 f - a cursed ring of loudness {unknown}
 i - an uncursed ring of magical power {unknown}
 n - a +3 ring of strength {unknown}
 o - an uncursed ring of protection from fire {unknown}
Scrolls
 d - 2 scrolls of teleportation {unknown}
 j - a scroll of immolation {unknown}
 k - a scroll of remove curse {unknown}
 l - 2 scrolls of noise {unknown}
 m - a scroll of magic mapping {unknown}
 p - a scroll of identify {unknown}
Potions
 a - 2 potions of might
 c - a potion of magic {unknown}
 e - a potion of haste {unknown}
 h - a potion of mutation {unknown}
Comestibles
 b - a meat ration
 q - a slice of pizza


   Skills:
 + Level 3.1 Fighting
 + Level 4.9 Dodging
 + Level 1.9 Stealth
 + Level 5.1 Unarmed Combat


You had 2 spell levels left.
You didn't know any spells.

Dungeon Overview and Level Annotations

Branches:
Dungeon (3/15)

Altars:
Elyvilon


Innate Abilities, Weirdness & Mutations

You cannot wear armour.
You are incapable of wielding weapons or throwing items.
Your paws allow you to move quietly. (Stealth)
You have sharp claws.
You have razor-sharp teeth.
You have supernaturally acute eyesight. (SInv)
You are carnivorous and can eat meat at any time.
You cover ground quickly.
You are covered in fur. (AC +1)
You have a slow metabolism.
Your sharp claws are effective at attacking unaware monsters.


Message History

The goblin shouts!
The orc wizard points at you and mumbles some strange words.
The magic dart hits you!
You scratch the orc wizard.
The orc wizard is heavily wounded.
The orc wizard splashes around in the water.
The adder closely misses you. The orc wizard hits you with a dagger.
Your unstable footing causes you to fumble your attack.
The adder misses you.
The orc wizard splashes around in the water.
The adder completely misses you.
You closely miss the orc wizard.
You bite the orc wizard, but do no damage.
The orc wizard is heavily wounded.
The orc wizard hits you with a dagger.
* * * LOW HITPOINT WARNING * * *
The adder barely misses you.
The orc wizard points at you and mumbles some strange words.
The puff of flame hits you!
You die...

####### ♣♣.....♣♣
###[ #.....#
♣♣.......♣♣ #.
#.###.# ♣...≈≈≈(..♣
#. #.# #.###
♣♣..≈≈≈≈≈..♣♣ ## #.#
#...# ♣..g≈≈_≈≈...♣
#.####### ♣..≈≈≈≈≈..♣
##.......#
♣)..So≈...♣
....######
♣♣.......♣♣ ###%#
♣♣.@"..♣♣ # #†######
♣♣...♣♣ ###......#
♣♣.....♣♣ .........##
♣♣.......♣♣
..........#
♣...≈≈≈...♣
###.#####.#
#..≈≈≈≈≈..# # #.# #.#
#..≈≈♣≈≈..# # #.# #.#
#..≈≈≈≈≈..# #
#.#####.###...≈≈≈...#


You could see an orc wizard, an adder and a goblin.

Vanquished Creatures
  A gnoll (D:3)
  An adder (D:2)
  An ooze (D:2)
  A worm (D:2)
  4 dart slugs
  5 leopard geckos
  2 giant cockroaches (D:2)
  3 goblins
  8 hobgoblins
  A jackal (D:1)
  A quokka (D:2)
  5 bats
  3 frilled lizards (D:1)
  5 kobolds
  8 rats
49 creatures vanquished.

Notes
Turn   | Place    | Note
-------+----------+-------------------------------------------
     0 | D:1      | equalderp2856 the Felid Fighter began the quest for the Orb.
     0 | D:1      | Reached XP level 1. HP: 10/10 MP: 2/2
   157 | D:1      | Reached XP level 2. HP: 8/14 MP: 3/3
   945 | D:1      | Reached skill level 1 in Stealth
  1123 | D:1      | Reached XP level 3. HP: 6/17 MP: 4/4
  2529 | D:2      | Found a faded altar of an unknown god.
  2671 | D:2      | Reached XP level 4. HP: 21/21 MP: 5/5
  2716 | D:3      | Killed from afar by an orc wizard
  2717 | D:3      | Reached XP level 3. HP: -3/17 MP: 4/4
  2730 | D:3      | Reached skill level 5 in Unarmed Combat
  2940 | D:3      | Found a white marble altar of Elyvilon.
  2953 | D:3      | Killed from afar by an orc wizard

Skill      XL: |  1  2  3 |
---------------+----------+-----
Stealth        | 1 |  1.9
Unarmed Combat | 5 |  5.1
Fighting       | |  3.1
Dodging        | |  4.9

Action                   |  1- 3 |  4- 6 || total
-------------------------+-------+-------++-------
Melee: Unarmed           |   148 |     3 ||   151
       Bite              |    21 |     1 ||    22
       Punch             |     2 |       ||     2
 Stab: Sleeping          |     4 |       ||     4
  Eat: Chunk             |     6 |       ||     6
Armor: Skin              |     7 |     1 ||     8
Dodge: Dodged            |   121 |     2 ||   123
